 Dungeon Crawl Stone Soup version 0.28.0-53-g5a82cb258f (webtiles) character file.

Game seed: 10447983043781112380

70 firemarshallily the Sneak (level 4, -3/29 HPs)
             Began as an Octopode Brigand on June 28, 2022.
             Slain by a hobgoblin (6 damage)
             ... led by Robin
             ... on level 4 of the Dungeon.
             The game lasted 00:04:51 (1493 turns).

firemarshallily the Sneak (Octopode Brigand)        Turns: 1493, Time: 00:04:51

Health: -3/29      AC:  1    Str: 10    XL:     4   Next: 22%
Magic:  4/4        EV: 12    Int: 13    God:
Gold:   29         SH:  0    Dex: 15    Spells: 3/3 levels left

rFire   . . .      SeeInvis .   d - +3 short sword
rCold   . . .      Faith    .   (no shield)
rNeg    . . .      Spirit   .   (helmet restricted)
rPois   .          Reflect  .   (no amulet)
rElec   .          Harm     .   (no ring)
rCorr   .          Rampage  .   (no ring)
Will    .....                   (no ring)
Stlth   ++++......              (no ring)
HPRegen 0.09/turn               (no ring)
MPRegen 0.09/turn               (no ring)
                                (no ring)
                                (no ring)

@: brilliant
A: almost no armour, amphibious, 8 rings, camouflage 1, gelatinous body 1,
(nimble swimmer 1), tentacles
a: no special abilities


You were on level 4 of the Dungeon.
You visited 1 branch of the dungeon, and saw 3 of its levels.

You collected 73 gold pieces.
You spent 44 gold pieces at shops.

Inventory:

Hand Weapons
 a - a +2 dagger
 d - a +3 short sword (weapon)
Missiles
 b - 14 poisoned darts (quivered)
 c - 2 curare-tipped darts
 h - 47 stones
Scrolls
 e - a scroll of enchant armour
Potions
 k - 2 potions of might


   Skills:
 - Level 2.0 Fighting
 * Level 3.8 Short Blades
 - Level 2.0 Throwing
 - Level 1.0 Dodging
 + Level 6.1 Stealth


You had 3 spell levels left.
You didn't know any spells.
Your spell library contained the following spells:

 Spells                   Type           Power      Damage    Failure   Level
 Airstrike                Air            0%         N/A       97%         4
 Summon Lightning Spire   Summ/Air       0%         N/A       97%         4
 Lightning Bolt           Conj/Air       0%         1d11      100%        5


Dungeon Overview and Level Annotations

Branches:
Dungeon (2/15)

Altars:
Gozag

Shops:
D:2 *

Annotations:
D:4 Robin


Innate Abilities, Weirdness & Mutations

You cannot wear most types of armour.
You are amphibious.
You can wear up to eight rings at the same time.
Your skin changes colour to match your surroundings (Stealth+).
Your rubbery body absorbs attacks. (AC +1, EV +1)
((You are camouflaged when in or above water. (Stealth+)))
You have tentacles for arms and can constrict up to eight enemies at once.


Message History

You completely miss the goblin. Your grab misses the goblin.
The goblin hits you with a +0 dagger.
You hit the goblin.
You kill the goblin!
There is an open door, spattered with blood here.
Items here: ))) †††.
A goblin comes into view. It is wielding a +0 dagger.
A goblin comes into view. It is wielding a +0 club.
The goblin shouts!
A goblin comes into view. It is wielding a +0 club.
Robin roars a battlecry!
The goblins go into a battle-frenzy!
The goblin closely misses you.
The goblin shouts!
You closely miss the goblin.
The goblin shouts!
Your grab misses the goblin. The goblin hits you with a +0 club.
You hit the goblin. You grab the goblin.
The goblin is almost dead.
You constrict the goblin.
You kill the goblin!
Robin throws the goblin at you!
You hit the goblin.
You kill the goblin!
The goblin hits you with a +0 club. Robin throws the goblin at you!
You see here a +0 club.
The goblin hits you with a +0 dagger.
* * * LOW HITPOINT WARNING * * *
The goblin hits you with a +0 dagger.
* * * LOW HITPOINT WARNING * * *
There is an open door, spattered with blood here.
Items here: ))) †††.
It was a potion of brilliance.
You feel clever all of a sudden. The hobgoblin barely misses you.
It was a potion of mutation.
You feel extremely strange.
You feel frail.
You feel robust. The hobgoblin hits you.
You die...

#.####.8...8.#..................
#.# ##.....##............######
##.# ###.###.............# # ...#
#...................# .. ...#
#...................# #..
...###################.########?.
..>..............................
...###################.#####.
≈..# #gg@..)......# ≈≈≈P
#####g#######....# P≈P#
#......ggg.......# ≈≈.#
#.......)).......# P≈P#
#................# ♣P##
#/...............#
#................#
...###+#######....# ... ...


You could see a hobgoblin (strong) and 2 goblins.

Vanquished Creatures
  An adder (D:2)
  A worm (D:2)
  A bat (D:1)
  4 endoplasms
  5 giant cockroaches
  9 goblins
  5 hobgoblins
  3 jackals
  4 kobolds (D:1)
  4 quokkas
  3 ball pythons
  4 frilled lizards
  5 rats
49 creatures vanquished.

Vanquished Creatures (collateral kills)
  A jackal (D:2)
1 creature vanquished.

Grand Total: 50 creatures vanquished

Notes
Turn   | Place    | Note
-------+----------+-------------------------------------------
     0 | D:1      | firemarshallily the Octopode Brigand began the quest for
                  | the Orb.
     0 | D:1      | Reached XP level 1. HP: 14/14 MP: 1/1
   119 | D:1      | Reached XP level 2. HP: 19/19 MP: 2/2
   423 | D:1      | Reached XP level 3. HP: 10/24 MP: 3/3
   884 | D:2      | Found Nentuwk's General Store.
   894 | D:2      | Bought a potion of might for 44 gold pieces
  1150 | D:2      | Reached skill level 6 in Stealth
  1234 | D:2      | Reached XP level 4. HP: 25/29 MP: 4/4
  1335 | D:2      | You fall into a shaft and drop 2 floors!
  1403 | D:4      | Found an opulent altar of Gozag.
  1451 | D:4      | Noticed Robin
  1493 | D:4      | Gained mutation: You are frail. (-10% HP) [potion of
                  | mutation]
  1493 | D:4      | Lost mutation: You are frail. (-10% HP) [potion of
                  | mutation]
  1493 | D:4      | Slain by a hobgoblin

Illustrated notes

Levels and vault maps discovered:
D:1:      ncdulo_wetmaze, layout_rooms
D:2:      layout_loops_ring, serial_shops, nicolae_shop_hallway_stairs
D:4:      layout_basic, grunt_gozag_statues, serial_bayou, serial_bayou_pond_a,
          serial_bayou_lagoon_b, serial_bayou_shore_b, serial_bayou_shore_b,
          serial_bayou_pond_c, minmay_pentomino_pile, uniq_duvessa, uniq_robin

Skill      XL: |  1  2  3 |
---------------+----------+-----
Short Blades   | 3 |  3.8
Stealth        | 6 |  6.1
Fighting       | |  2.0
Throwing       | |  2.0
Dodging        | |  1.0

Action                   |  1- 3 |  4- 6 || total
-------------------------+-------+-------++-------
Melee: Dagger            |     8 |       ||     8
       Constrict         |    13 |     4 ||    17
       Punch             |     2 |       ||     2
       Short sword       |    54 |    16 ||    70
       Tentacles         |     7 |     1 ||     8
  Use: Scroll            |     6 |       ||     6
       Potion            |       |     2 ||     2
 Stab: Sleeping          |    11 |     1 ||    12
       Distracted        |     1 |       ||     1
Armor: Skin              |     4 |       ||     4
Dodge: Dodged            |    38 |     6 ||    44
